AoeStats
← varunalur2879

Arena

508319341Analyzed
4v4 RM · 11d ago on Sep 21, 2026· 14m 17s· 8 players
Game mode
Random Map
Map size
Large (8 player)
Population
200
Speed
Normal
Resources
Standard
Victory
Conquest
Starting age
Dark Age
Ending age
Imperial Age
RankedLock teamsTeams togetherTeam positionsShared explorationLock speedFull tech treeHidden civsTurbo modeCheats
Victory
Defeat
🇨🇴 Persians · Colombia
1389
+16
🇲🇽 Teutons · Mexico
1359
+17
🇮🇳 Georgians · India
1337
+19
🇨🇴 Britons · Colombia
1335
+18
🇦🇷 Teutons · Argentina
1406
-17
🇦🇷 Persians · Argentina
1393
-18
🇨🇱 Cumans · Chile
1389
-18
🇨🇳 Malians · China
1373
-17
[GDL] HANNIBAL
10:34 Feudal Age
varunalur2879
10:34 Feudal Age
14:24 Castle Age
12:12 Double-Bit Axe
12:29 Horse Collar
[LGP] Shiroo
7:42 Loom
11:42 Feudal Age
12:09 Horse Collar
12:16 Double-Bit Axe
T91Official
10:45 Feudal Age
14:29 Castle Age
12:27 Double-Bit Axe
12:23 Horse Collar
Politox
8:25 Loom
10:31 Feudal Age
14:41 Castle Age
13:02 Double-Bit Axe
13:21 Horse Collar
Watusi
6:06 Loom
8:49 Feudal Age
9:26 Double-Bit Axe
10:51 Fletching
2468899547
10:40 Feudal Age
14:37 Castle Age
13:12 Double-Bit Axe
13:29 Horse Collar
Thanos 2022
8:29 Feudal Age
8:57 Double-Bit Axe
Connection lost

Rejoining the realm…

Still unreachable

The connection could not be restored.

Session expired

The server has moved on; the page needs a fresh start.